 Dungeon Crawl Stone Soup version 0.27.0-1-g7a089689b8 (webtiles) character file.

Game seed: 15833936430837644665

414 Naeght the Cudgeller (level 6, -1/47 HPs)
             Began as a Demonspawn Gladiator on Aug 14, 2021.
             Succumbed to a water moccasin's poison
             ... on level 5 of the Dungeon.
             The game lasted 00:04:20 (5643 turns).

Naeght the Cudgeller (Demonspawn Gladiator)         Turns: 5643, Time: 00:04:21

Health: -1/47      AC:  6    Str: 17    XL:     6   Next: 60%
Magic:  6/6        EV: 13    Int:  9    God:
Gold:   213        SH:  0    Dex: 14    Spells: 5/6 levels left

rFire    . . .     SeeInvis .   a - +0 flail
rCold    . . .     Faith    .   (no shield)
rNeg     . . .     Spirit   .   b - +0 leather armour
rPois    .         Reflect  .   c - +0 helmet
rElec    .         Harm     .   o - +0 cloak
rCorr    .         Rampage  .   l - +0 pair of gloves
Will     .....                  (no boots)
Stlth    +.........             (no amulet)
HPRegen  0.15/turn              (no ring)
MPRegen  0.10/turn              (no ring)

@: lethally poisoned (-1 -> -8)
A: talons 2, powered by pain 1, demonic magic 1
a: no special abilities


You were on level 5 of the Dungeon.
You visited 1 branch of the dungeon, and saw 5 of its levels.

You collected 213 gold pieces.

Inventory:

Hand Weapons
 a - a +0 flail (weapon)
Missiles
 d - 3 throwing nets (quivered)
Armour
 b - a +0 leather armour (worn)
 c - a +0 helmet (worn)
 l - a +0 pair of gloves (worn)
 o - a +0 cloak (worn)
Jewellery
 m - a ring of poison resistance
 r - a ring of flight
Wands
 i - a wand of digging (7)
Scrolls
 f - 3 scrolls of identify {unknown}
 h - a scroll of fear {unknown}
 n - 2 scrolls of blinking {unknown}
 p - 3 scrolls of magic mapping {unknown}
 q - 2 scrolls of noise {unknown}
 s - a scroll of teleportation {unknown}
 t - a scroll of amnesia {unknown}
 w - a scroll of summoning {unknown}
Potions
 e - 2 potions of attraction {unknown}
 g - 2 potions of curing {unknown}
 j - a potion of degeneration {unknown}
 k - 2 potions of flight {unknown}
 u - a potion of ambrosia {unknown}
 v - a potion of haste {unknown}


   Skills:
 * Level 3.6 Fighting
 * Level 4.5 Maces & Flails
 - Level 1.7 Throwing
 * Level 2.5 Armour
 * Level 3.8 Dodging
 + Level 0.5 Spellcasting
 + Level 0.6 Conjurations


You had 5 spell levels left.
You knew the following spells:

 Your Spells              Type           Power      Damage    Failure   Level
a - Magic Dart            Conj           4%         1d3       36%         1

Your spell library contained the following spells:

 Spells                   Type           Power      Damage    Failure   Level
 Foxfire                  Conj/Fire      0%         2x1d4     38%         1
 Call Imp                 Summ           0%         N/A       56%         2
 Conjure Flame            Conj/Fire      0%         6-21      77%         3
 Mephitic Cloud           Conj/Pois/Air  0%         N/A       77%         3
 Inner Flame              Hex/Fire       0%         N/A       80%         3


Dungeon Overview and Level Annotations

Branches:
Dungeon (5/15)             Temple (0/1) D:5

Altars:


Innate Abilities, Weirdness & Mutations

You have razor-sharp toenails.
You sometimes gain a little power by taking damage.
Spells you cast may paralyse adjacent enemies.


Message History

You hit the water moccasin. Your kick misses the water moccasin.
The water moccasin is moderately wounded.
The water moccasin bites you. x2
You miss the water moccasin.
The water moccasin is moderately wounded.
The water moccasin closely misses you.
You sock the water moccasin!
You claw the water moccasin, but do no damage.
The water moccasin is severely wounded.
The water moccasin barely misses you.
The water moccasin bites you but does no damage.
You miss the water moccasin.
The water moccasin is severely wounded.
The water moccasin bites you.
You are poisoned.
The water moccasin poisons you! The water moccasin barely misses you.
You are too injured to fight recklessly!
You are too injured to fight recklessly!
You are too injured to fight recklessly!
You are too injured to fight recklessly!
You are too injured to fight recklessly!
You are too injured to fight recklessly!
You are too injured to fight recklessly!
You are too injured to fight recklessly!
A water moccasin is nearby!
A water moccasin is nearby!
You barely miss the water moccasin. Your kick misses the water moccasin.
The water moccasin is severely wounded.
You feel very sick. The water moccasin bites you!
* * * LOW HITPOINT WARNING * * *
* * * LOW HITPOINT WARNING * * *
You feel very sick. The water moccasin bites you.
* * * LOW HITPOINT WARNING * * *
The water moccasin bites you.
* * * LOW HITPOINT WARNING * * *
* * * LOW HITPOINT WARNING * * *
You feel sick. The water moccasin closely misses you.
You die...

#................
#####'#.........#
+.....#.........#
######....#.........#
##...
#....#.....<...#
#....
#....#.........#
#..<#####'#.....#+
#....S....#
#...@.....#
#.........#
#.........#
###########


You could see a water moccasin.

Vanquished Creatures
  A phantom (D:2)
  3 hounds
  A jelly (D:4)
  Crazy Yiuf (D:2)
  Jessica (D:2)
  4 adders
  3 gnolls (D:3)
  3 worms
  3 dart slugs
  9 orcs (D:4)
  8 endoplasms
  5 giant cockroaches
  7 hobgoblins
  9 jackals
  4 quokkas
  4 ball pythons
  3 frilled lizards
  4 goblins
  8 kobolds
  3 rats
84 creatures vanquished.

Notes
Turn   | Place    | Note
-------+----------+-------------------------------------------
     0 | D:1      | Naeght the Demonspawn Gladiator began the quest for the
                  | Orb.
     0 | D:1      | Reached XP level 1. HP: 16/16 MP: 1/1
   280 | D:1      | Gained mutation: You sometimes gain a little power by
                  | taking damage. [demonic ancestry]
   280 | D:1      | Reached XP level 2. HP: 5/22 MP: 2/2
   567 | D:1      | Reached skill level 3 in Maces & Flails
  1017 | D:1      | Found a faded altar of an unknown god.
  1231 | D:2      | Noticed a phantom
  1242 | D:2      | Killed a phantom
  1243 | D:2      | Reached skill level 1 in Armour
  1243 | D:2      | Gained mutation: You have sharp toenails. [demonic
                  | ancestry]
  1243 | D:2      | Reached XP level 3. HP: 4/28 MP: 3/3
  1243 | D:2      | Reached XP level 4. HP: 6/34 MP: 4/4
  1829 | D:2      | Noticed Jessica
  1837 | D:2      | Killed Jessica
  1838 | D:2      | Gained mutation: Spells you cast may paralyse adjacent
                  | enemies. [demonic ancestry]
  1838 | D:2      | Reached XP level 5. HP: 17/40 MP: 5/5
  2760 | D:2      | Found a runed translucent door.
  2761 | D:2      | Noticed Crazy Yiuf
  3092 | D:2      | Killed Crazy Yiuf
  3093 | D:2      | Reached skill level 4 in Maces & Flails
  3906 | D:3      | Gained mutation: You have razor-sharp toenails. [demonic
                  | ancestry]
  3906 | D:3      | Reached XP level 6. HP: 23/47 MP: 6/6
  4075 | D:3      | Learned a level 1 spell: Magic Dart
  5542 | D:5      | Entered Level 5 of the Dungeon
  5599 | D:5      | Found a staircase to the Ecumenical Temple.
  5630 | D:5      | Noticed a water moccasin
  5642 | D:5      | HP: 1/47 [poisoned by a water moccasin]
  5643 | D:5      | Succumbed to a water moccasin's poison

Illustrated notes

Levels and vault maps discovered:
D:1:      beargit_arrival_greenhouse, layout_basic,
          shapermc_ecumenical_altar_notcrosses
D:2:      minmay_inner_zag, layout_basic, serial_co_window_serial,
          co_window_paths_b, co_window_corner_a, co_window_corner_a,
          co_window_paths_a, co_window_corner_a, co_window_paths_c,
          co_window_broadway_a, co_window_2corner, co_window_paths_e,
          glass_columns_b, glass_columns_b, glass_columns_a, glass_columns_a,
          glass_columns_a, uniq_crazy_yiuf_cottage, uniq_jessica
D:3:      layout_rooms
D:4:      layout_cave_pods
D:5:      layout_gridville, nemelex_spade_bored_becter,
          mainiacjoe_overflow_cross_hatched, nicolae_overflow_hidden_temple,
          minmay_temple_entry_ruins, serial_glass, glass_columns_a,
          glass_columns_c

Skill      XL: |  1  2  3  4  5 |
---------------+----------------+-----
Maces & Flails | 3 4 |  4.5
Armour         | 1 2 |  2.5
Dodging        | 3 |  3.8
Fighting       | 3 |  3.6
Throwing       | |  1.7
Spellcasting   | |  0.5
Conjurations   | |  0.6

Action                   |  1- 3 |  4- 6 || total
-------------------------+-------+-------++-------
Melee: Flail             |    63 |   187 ||   250
       Kick              |       |    45 ||    45
Armor: Leather armour    |    16 |    65 ||    81
Dodge: Dodged            |    47 |   150 ||   197
